 Dungeon Crawl Stone Soup version 0.26-a0-37-g50178cf (webtiles) character file.

Game seed: 16813869858071565745, levelgen mode: deterministic

2063 thirtiethelement the Thaumaturge (level 9, -6/47 HPs)
             Began as a Deep Elf Conjurer on May 31, 2020.
             Was a Believer of Sif Muna.
             Mangled by Harold
             ... wielding a cursed +0 quarterstaff
              (7 damage)
             ... on level 7 of the Dungeon.
             The game lasted 00:17:03 (6746 turns).

thirtiethelement the Thaumaturge (DECj)             Turns: 6746, Time: 00:17:04

Health: -6/47      AC:  8    Str:  5    XL:     9   Next: 5%
Magic:  13/23      EV: 14    Int: 24    God:    Sif Muna [**....]
Gold:   219        SH:  0    Dex: 15    Spells: 14/25 levels left

rFire    . . .     SeeInvis .   p - +0 shortbow
rCold    . . .     Gourm    .   (shield currently unavailable)
rNeg     . . .     Faith    .   a - +0 robe
rPois    .         Spirit   .   j - +0 helmet
rElec    .         Reflect  .   f - +2 cloak
rCorr    .         Harm     .   x - +0 pair of gloves
MR       .....                  v - +0 pair of boots
Stlth    +++.......             h - amulet of magic regeneration
HPRegen  0.15/turn              (no ring)
MPRegen  0.43/turn              (no ring)

@: no status effects
A: no striking features
a: Channel Magic, Renounce Religion


You were on level 7 of the Dungeon.
You worshipped Sif Muna.
Sif Muna was pleased with you.
You were not hungry.

You visited 2 branches of the dungeon, and saw 8 of its levels.

You collected 352 gold pieces.
You spent 116 gold pieces at shops.
You donated 17 gold pieces to Zin.

Inventory:

Hand Weapons
 p - a +0 shortbow (weapon)
Missiles
 o - 62 arrows (quivered)
Armour
 a - a +0 robe (worn)
 f - a +2 cloak (worn)
 j - a +0 helmet (worn)
 s - a +0 hat
 v - a +0 pair of boots (worn)
 x - a +0 pair of gloves (worn)
Jewellery
 h - an amulet of magic regeneration (around neck)
Wands
 r - a wand of flame (13)
Scrolls
 d - 3 scrolls of magic mapping
 e - a scroll of amnesia
 l - 4 scrolls of teleportation
 n - a scroll of remove curse
 q - a scroll of fog {unknown}
 y - 4 scrolls of identify
 A - a scroll of acquirement {unknown}
Potions
 b - a potion of stabbing {unknown}
 g - 4 potions of flight
 i - 3 potions of curing
 k - 2 potions of heal wounds {unknown}
 m - a potion of cancellation {unknown}
 t - a potion of resistance {unknown}
 u - 2 potions of might
 w - a potion of berserk rage {unknown}
 z - 2 potions of haste {unknown}
 C - 3 potions of lignification
Comestibles
 c - 19 rations
 B - a chunk of flesh


   Skills:
 + Level 1.3 Fighting
   Level 2.9 Slings
 + Level 1.4 Bows
 + Level 4.1 Dodging
 + Level 4.5 Stealth
 * Level 8.7 Spellcasting
 * Level 8.6 Conjurations
 * Level 4.0 Hexes
 * Level 2.3 Air Magic


You had 14 spell levels left.
You knew the following spells:

 Your Spells              Type           Power        Failure   Level  Hunger
a - Magic Dart            Conj           ####         1%          1    None
b - Searing Ray           Conj           ######       1%          2    None
c - Shock                 Conj/Air       ####         1%          1    None
d - Static Discharge      Conj/Air       #####...     1%          3    None
e - Fulminant Prism       Conj/Hex       #####.....   4%          4    ##.....

Your spell library contained the following spells:

 Spells                   Type           Power        Failure   Level  Hunger
 Dazzling Flash           Conj/Hex       #####.       1%          3    None
 Swiftness                Chrm/Air       ###.....     6%          2    None
 Iskenderun's Mystic Bla  Conj/Tloc      ####....     10%         4    ##.....
 Lightning Bolt           Conj/Air       #####.....   19%         5    ####...
 Airstrike                Air            ###.......   24%         4    ##.....


Dungeon Overview and Level Annotations

Branches:
Dungeon (7/15)             Temple (1/1) D:4

Altars:
Ashenzari
Cheibriados
Dithmenos
Elyvilon
Fedhas
Gozag
Hepliaklqana
Kikubaaqudgha
Makhleb
Nemelex Xobeh
Okawaru
Qazlal
Ru
Sif Muna
Trog
Uskayaw
Vehumet
Xom
Yredelemnul
Zin
The Shining One

Shops:
D:4 [   D:6 %   D:7 %

Annotations:
D:7 Harold


Message History

* * * LOW HITPOINT WARNING * * *
The searing ray hits Harold!
Harold is severely wounded.
Harold barely misses you.
The searing ray hits Harold!
Harold is almost dead.
Harold closely misses you.
The searing ray misses Harold.
You finish channeling your searing ray.
Harold hits you with a cursed +0 quarterstaff!
* * * LOW HITPOINT WARNING * * *
Casting: Searing Ray (safe; 1% risk of failure)
Confirm with . or Enter, or press ? or * to list all spells.
Aiming: Searing Ray (safe; 1% risk of failure)
Press: ? - help, Shift-Dir - straight line, f/p - Harold
Aim: Harold, wielding a +0 quarterstaff, wearing a +0 ring mail and quivering 2 throwing nets (almost dead)
The searing ray hits Harold.
Harold is almost dead. (Press . to maintain the ray.) Harold hits you with a cursed +0 quarterstaff!
You die...

......####.#.......#.#...#.#....#
......# #.#.......#.#...#.#..#.#
......# #.#.......#.#..........#
.###.## #.##.####.#.#..##.###..#
.# #.# #....#....#.#.....#....#
.# #.# #∩...#.####.##.####.#..#
####.#####....#.####....# #.##.#
................#.######## #.##.#
####...........@@(..>....# #.##.#
#...........###.######.# #.##.#
#...........# #.# #.# #.##.#
###........#### #.# #.# #.##..
...........# #.# #.# #.####
...........# #.# #.# #># #
...........# #.# #.# #.# #
...##############.# #.# #.# #
..................# #.###.####


You could see Harold.

Vanquished Creatures
  A spriggan (D:7)
  4 phantoms
  5 ogres
  A centaur (D:6)
  A bullfrog (D:7)
  2 scorpions
  3 howler monkeys (D:7)
  3 crimson imps
  2 quasits (D:7)
  3 hounds
  An orc priest (D:7)
  2 orc wizards
  A bullfrog skeleton (D:7)
  5 worker ants
  A killer bee zombie (D:7)
  2 hound zombies
  2 hound skeletons (D:5)
  3 gnolls (D:7)
  6 adders
  2 shadow imps
  3 oozes
  An adder zombie (D:5)
  An adder skeleton (D:7)
  A worm (D:2)
  6 leopard geckos
  11 orcs
  2 ball pythons
  5 bats
  8 giant cockroaches
  2 goblins
  8 hobgoblins
  11 jackals
  4 kobolds
  2 quokkas
  6 frilled lizards
  3 rats (D:2)
  A spectral orc (D:6)
125 creatures vanquished.

Vanquished Creatures (others)
  2 fulminant prisms
2 creatures vanquished.

Grand Total: 127 creatures vanquished

Notes
Turn   | Place    | Note
-------+----------+-------------------------------------------
     0 | D:1      | thirtiethelement the Deep Elf Conjurer began the quest for
                  | the Orb.
     0 | D:1      | Reached XP level 1. HP: 10/10 MP: 6/6
   115 | D:1      | Reached XP level 2. HP: 3/15 MP: 0/8
   468 | D:1      | Learned a level 2 spell: Searing Ray
   560 | D:1      | Reached skill level 5 in Conjurations
  1069 | D:2      | Reached XP level 3. HP: 19/19 MP: 2/9
  1359 | D:2      | Noticed an earth elemental
  1361 | D:2      | Found a stormy altar of Qazlal.
  1362 | D:2      | Noticed a fire elemental
  1362 | D:2      | Noticed a water elemental
  1362 | D:2      | Noticed an air elemental
  1401 | D:2      | Found a sacrificial altar of Ru.
  1403 | D:2      | Found an ancient bone altar of Kikubaaqudgha.
  1775 | D:2      | Found a faded altar of an unknown god.
  1779 | D:2      | Became a worshipper of Zin the Law-Giver
  1779 | D:2      | Reached * piety under Zin
  1885 | D:3      | Reached XP level 4. HP: 24/24 MP: 7/11
  2070 | D:3      | Reached ** piety under Zin
  2289 | D:3      | Reached skill level 1 in Slings
  2542 | D:4      | Found Cocialy's Armour Boutique.
  2547 | D:4      | Reached XP level 5. HP: 28/28 MP: 8/13
  2553 | D:4      | Bought a +0 pair of boots for 58 gold pieces
  2553 | D:4      | Bought a +0 pair of gloves for 58 gold pieces
  2797 | D:4      | Noticed a phantom
  2806 | D:4      | Killed a phantom
  2806 | D:4      | Reached XP level 6. HP: 33/33 MP: 6/14
  2946 | D:4      | Found a staircase to the Ecumenical Temple.
  2969 | D:4      | Reached *** piety under Zin
  2982 | Temple   | Entered the Ecumenical Temple
  3056 | Temple   | Fell from the grace of Zin
  3056 | Temple   | Became a worshipper of Sif Muna the Loreminder
  3183 | D:4      | Reached skill level 5 in Spellcasting
  3494 | D:5      | Entered Level 5 of the Dungeon
  3534 | D:5      | Reached XP level 7. HP: 37/37 MP: 13/17
  3617 | D:5      | Found a radiant altar of Vehumet.
  3855 | D:5      | Learned a level 1 spell: Shock
  3859 | D:5      | Learned a level 3 spell: Static Discharge
  3864 | D:5      | Learned a level 4 spell: Fulminant Prism
  3888 | D:5      | Reached skill level 1 in Fighting
  4097 | D:5      | Reached skill level 1 in Hexes
  4148 | D:5      | Found a snail-covered altar of Cheibriados.
  4210 | D:5      | Reached * piety under Sif Muna
  4260 | D:4      | Found a glowing silver altar of Zin.
  4289 | D:5      | Reached skill level 1 in Air Magic
  4289 | D:5      | Reached XP level 8. HP: 43/43 MP: 15/20
  5079 | D:6      | Found Dutowoc's Food Boutique.
  5097 | D:6      | Found a white marble altar of Elyvilon.
  5348 | D:6      | Found a basalt altar of Yredelemnul.
  5423 | D:7      | Found Koanum's Food Shop.
  5894 | D:7      | Reached skill level 1 in Bows
  6103 | D:7      | Reached ** piety under Sif Muna
  6103 | D:7      | Reached XP level 9. HP: 47/47 MP: 18/23
  6732 | D:7      | Noticed Harold
  6745 | D:7      | HP: 1/47 [Harold/cursed +0 quarterstaff (12)]
  6746 | D:7      | Mangled by Harold

Illustrated notes

Levels and vault maps discovered:
D:1:      co_arrival_square_in_a_square_in_a_square, layout_basic
D:2:      cheibrodos_helix_gallery, layout_loops_cross,
          chequers_temple_overflow_statue_of_worship,
          chequers_ecumenical_altar_grove, first_ration, corexii_hall_statues_x,
          chequers_serial_rivers_room_b, nicolae_qazlal_style_of_elements
D:3:      layout_rooms
D:4:      minmay_angry_zag, layout_loops_ring, nicolae_overflow_hidden_temple,
          minmay_temple_entry_ruins, serial_shops,
          nicolae_shop_temple_entry_statues_fountains
D:5:      layout_cave_pods, fiery_altar_vehumet, lemuel_doored_altar,
          kennysheep_generic_room_11
D:6:      layout_rooms, yredelemnul_forgotten_temple_becter, old_standard_altar,
          serial_shops, shop_fountains
D:7:      layout_basic, serial_shops, shop, dk_noncrumbling_2, the_bakery,
          kennysheep_generic_room_7, uniq_harold
Temple:   eino_temple_water

Skill      XL: |  1  2  3  4  5  6  7  8  9 |
---------------+----------------------------+-----
Conjurations   | 5 6 7 8 |  8.6
Dodging        | 3 4 |  4.1
Slings         | 1 2 |  2.9
Spellcasting   | 4 5 6 8 |  8.7
Stealth        | 3 4 |  4.5
Fighting       | 1 |  1.3
Hexes          | 1 3 4 |  4.0
Air Magic      | 1 2 |  2.3
Bows           | 1 |  1.4

Action                   |  1- 3 |  4- 6 |  7- 9 || total
-------------------------+-------+-------+-------++-------
Melee: Unarmed           |    25 |       |       ||    25
 Fire: Hunting sling     |    11 |    22 |     1 ||    34
       Shortbow          |       |       |    15 ||    15
 Cast: Magic Dart        |    61 |    52 |    71 ||   184
       Searing Ray       |     1 |     8 |    41 ||    50
       Shock             |       |       |     2 ||     2
       Fulminant Prism   |       |       |     2 ||     2
       Static Discharge  |       |       |     1 ||     1
  Use: Scroll            |     2 |     8 |       ||    10
  Eat: Chunk             |     2 |     6 |     6 ||    14
       Ration            |       |       |     1 ||     1
Armor: Robe              |    12 |     7 |    13 ||    32
Dodge: Dodged            |    32 |    15 |    32 ||    79

Table legend:
 A = Non-vault XP
 B = Vault XP
 C = Vault XP percentage of total XP
 D = Non-vault monster count
 E = Vault monster count
 F = Vault count percentage of total count
                 A         B        C        D         E       F
            +---------+---------+-------+---------+---------+-------
      Total |    2463 |     485 |  16.5 |     116 |       9 |   7.2
            +---------+---------+-------+---------+---------+-------
        D:1 |      37 |       0 |   0.0 |      16 |       0 |   0.0
        D:2 |      50 |       4 |   7.4 |      14 |       2 |  12.5
        D:3 |      92 |       0 |   0.0 |      18 |       0 |   0.0
        D:4 |     325 |     145 |  30.9 |       9 |       3 |  25.0
        D:5 |     814 |       0 |   0.0 |      19 |       0 |   0.0
        D:6 |     409 |       1 |   0.2 |      19 |       1 |   5.0
        D:7 |     736 |     335 |  31.3 |      21 |       3 |  12.5
            +---------+---------+-------+---------+---------+-------
